 Dungeon Crawl Stone Soup version 0.23.2-33-g5129a83184 (webtiles) character file.

Game seed: 15817676887140633474

132 Hebeh the Conjurer (level 4, -3/24 HPs)
             Began as a Deep Elf Conjurer on July 3, 2019.
             Slain by an adder (5 damage)
             ... on level 3 of the Dungeon.
             The game lasted 00:10:54 (2086 turns).

Hebeh the Conjurer (Deep Elf Conjurer)              Turns: 2086, Time: 00:10:55

Health: -3/24      AC:  3    Str:  5    XL:     4   Next: 92%
Magic:  1/13       EV: 13    Int: 21    God:
Gold:   170        SH:  0    Dex: 15    Spells: 12/13 levels left

rFire    . . .     SeeInvis .   b - +0 hunting sling
rCold    . . .     Gourm    .   (no shield)
rNeg     . . .     Faith    .   l - +0 robe
rPois    .         Spirit   .   (no helmet)
rElec    .         Reflect  .   (no cloak)
rCorr    .         Harm     .   (no gloves)
MR       .....                  q - +0 pair of boots
Stlth    ++........             (no amulet)
HPRegen  0.08/turn              (no ring)
MPRegen  0.13/turn              (no ring)

@: no status effects
A: no striking features
a: no special abilities


You were on level 3 of the Dungeon.
You were not hungry.

You visited 1 branch of the dungeon, and saw 3 of its levels.

You collected 170 gold pieces.

Inventory:

Hand Weapons
 a - a +3 dagger
 b - a +0 hunting sling (weapon)
 m - a +0 short sword
Missiles
 f - 195 stones
 g - 39 arrows
 h - 36 sling bullets (quivered)
Armour
 l - a +0 robe (worn)
 q - a +0 pair of boots (worn)
Jewellery
 t - a +4 ring of intelligence
Scrolls
 e - 2 scrolls of fog {unknown}
 j - 4 scrolls of magic mapping {unknown}
 k - 2 scrolls of remove curse {unknown}
 n - a scroll of immolation {unknown}
 o - 4 scrolls of identify {unknown}
 p - 2 scrolls of teleportation {unknown}
 s - a scroll of amnesia {unknown}
Potions
 d - a potion of haste {unknown}
 i - 2 potions of heal wounds {unknown}
 r - a potion of curing {unknown}
 v - 2 potions of cancellation {unknown}
Comestibles
 c - 7 rations
 u - 3 chunks of flesh


   Skills:
 - Level 2.4 Dodging
 - Level 2.4 Stealth
 + Level 5.3 Spellcasting
 + Level 5.8 Conjurations


You had 12 spell levels left.
You knew the following spells:

 Your Spells              Type           Power        Failure   Level  Hunger
a - Magic Dart            Conj           ####         1%          1    None

Your spell library contained the following spells:

 Spells                   Type           Power        Failure   Level  Hunger
 Searing Ray              Conj           ####..       1%          2    None
 Dazzling Spray           Conj/Hex       ###...       10%         3    ##.....
 Iskenderun's Mystic Bla  Conj           ####....     10%         4    ####...
 Force Lance              Conj/Tloc      ###.....     32%         4    ####...
 Fulminant Prism          Conj/Hex       ###.......   32%         4    ####...


Dungeon Overview and Level Annotations

Branches:
Dungeon (3/15)

Altars:


Message History

Press: ? - help, Shift-Dir - straight line, f/p - adder
Aim: an adder (severely wounded)
The magic dart hits the adder but does no damage.
The adder is severely wounded.
The adder bites you.
* * * LOW HITPOINT WARNING * * *
Casting: Magic Dart (safe; 1% risk of failure)
Confirm with . or Enter, or press ? or * to list all spells.
You don't have enough magic to cast that spell.
The adder misses you.
Casting: Magic Dart (safe; 1% risk of failure)
Confirm with . or Enter, or press ? or * to list all spells.
You don't have enough magic to cast that spell.
Casting: Magic Dart (safe; 1% risk of failure)
Confirm with . or Enter, or press ? or * to list all spells.
You don't have enough magic to cast that spell.
The adder closely misses you. The adder completely misses you.
The adder bites you.
You die...

####.#.#.#.##.##..#.....# #...
####...#...##.##..#.....# #...
.......######.##..#.....######...
.......##.....##..#..........)..(
..........#.......#.....########(
.....#.#..##.##..o.o.......# #.
.#.###.......##.o###.......# #.
.#.####.รท######.S###.......# #.
.#.......# #..@.##.......# #o
#######..#####....##.......# #)
##...........#....####...### #o
#......#..##.#..).# ##.... #.
#......##.##.###..##.. #o
#......##.##.# #...#.# .o.. #)
#.......#..#.###.#.#.# ... '.
#.......##.#...#.#.#.# o.. #.
........##..##.#.....# $. .


You could see an adder and 2 orcs.

Vanquished Creatures
  An orc wizard (D:3)
  A worker ant (D:3)
  2 adders (D:2)
  An ooze (D:3)
  A worm (D:3)
  A dart slug (D:1)
  4 leopard geckos
  5 orcs (D:3)
  3 bats
  A giant cockroach (D:2)
  3 goblins
  3 hobgoblins
  4 jackals (D:1)
  6 kobolds
  2 ball pythons (D:1)
  5 frilled lizards
  5 rats
48 creatures vanquished.

Notes
Turn   | Place    | Note
-------+----------+-------------------------------------------
     0 | D:1      | Hebeh the Deep Elf Conjurer began the quest for the Orb.
     0 | D:1      | Reached XP level 1. HP: 10/10 MP: 6/6
   226 | D:1      | Reached XP level 2. HP: 13/15 MP: 1/8
  1021 | D:2      | Reached skill level 5 in Conjurations
  1025 | D:2      | Reached XP level 3. HP: 19/19 MP: 4/10
  1709 | D:3      | Reached XP level 4. HP: 18/24 MP: 8/12
  1910 | D:3      | Reached skill level 5 in Spellcasting
  2086 | D:3      | Slain by an adder

Skill      XL: |  1  2  3  4 |
---------------+-------------+-----
Spellcasting   | 4 5 |  5.3
Conjurations   | 5 |  5.8
Dodging        | |  2.4
Stealth        | |  2.4

Action                   |  1- 3 |  4- 6 || total
-------------------------+-------+-------++-------
Melee: Short sword       |     2 |       ||     2
 Fire: Hunting sling     |    26 |     4 ||    30
 Cast: Magic Dart        |    53 |    39 ||    92
  Eat: Chunk             |     1 |     2 ||     3
Armor: Robe              |       |     1 ||     1
Dodge: Dodged            |    18 |    10 ||    28
